 Dungeon Crawl Stone Soup version 0.19-a0-1007-g133f65f (webtiles) character file.

14472 mistymad the Fighter (level 12, -10/108 HPs)
             Began as a Ghoul Gladiator on July 21, 2016.
             Was a Priest of Qazlal.
             Mangled by a 13-headed hydra (12 damage)
             ... on level 1 of the Lair of Beasts.
             The game lasted 00:29:48 (10504 turns).

mistymad the Fighter (Ghoul Gladiator)             Turns: 10504, Time: 00:29:48

Health: -10/108    AC: 19    Str: 32    XL:     12   Next: 16%
Magic:  0/11       EV: 13    Int:  6    God:    Qazlal [***...]
Gold:   401        SH:  4    Dex:  9    Spells: 0 memorised, 11 levels left

rFire  + + .     SeeInvis .     E - +3 long sword of Collusion {elec, *Drain Str+8}
rCold  + . .     Gourm    .     k - +2 chain mail {rF+}
rNeg   + + +     Faith    .     (no shield)
rPois  ∞         Spirit   +     O - +2 hat {Int+3}
rElec  .         Dismiss  .     b - +0 cloak
rCorr  .         Reflect  .     u - +0 pair of gloves
SustAt .         Harm     .     D - +0 pair of boots
MR     .....                    a - amulet of guardian spirit
Stlth  ..........               M - ring of wizardry
                                j - ring of protection from fire

@: rotting, not resistant to hostile enchantments, extremely unstealthy
A: rotting body, claws 1, carnivore 3, cold resistance 1, negative energy
resistance 3, slow regeneration 1, torment resistance, unbreathing
a: Upheaval, Elemental Force, Renounce Religion


You were on level 1 of the Lair of Beasts.
You worshipped Qazlal.
Qazlal was most pleased with you.
You were not hungry.

You visited 3 branches of the dungeon, and saw 12 of its levels.

You collected 714 gold pieces.
You spent 313 gold pieces at shops.

Inventory:

Hand Weapons
 z - a +3 falchion of freezing
 E - the +3 long sword of Collusion (weapon) {elec, *Drain Str+8}
   (You bought it in a shop on level 5 of the Dungeon)

   Occasionally, upon striking a foe, it will discharge some electrical energy
   and cause terrible harm.
   It affects your strength (+8).
   It causes draining when unequipped.
Missiles
 s - a throwing net (quivered)
Armour
 b - a +0 cloak (worn)
 k - a +2 chain mail of fire resistance (worn)
 p - a +0 plate armour
 t - a +3 scale mail of cold resistance
 u - a +0 pair of gloves (worn)
 D - a +0 pair of boots (worn)
 O - a +2 hat of intelligence (worn)
Jewellery
 a - an amulet of guardian spirit (around neck)
 j - a ring of protection from fire (left hand)
 n - an uncursed ring of ice
 M - a ring of wizardry (right hand)
 N - an uncursed ring of ice
Wands
 i - a wand of iceblast (10/15)
 G - a wand of confusion (12/48)
 K - a wand of flame (34/48)
Scrolls
 d - a scroll of recharging
 e - 4 scrolls of remove curse
 h - 4 scrolls of teleportation
 r - 2 scrolls of enchant armour
 w - 2 scrolls of fog {unknown}
 y - a scroll of identify
 F - a scroll of enchant weapon {unknown}
 J - 2 scrolls of magic mapping {unknown}
 L - a scroll of noise {unknown}
Potions
 g - 5 potions of curing
 l - a potion of magic {unknown}
 m - a potion of might
 o - a potion of agility
 q - 2 potions of ambrosia {unknown}
 v - a potion of mutation {unknown}
 x - 2 potions of flight {unknown}
 A - a potion of resistance
 B - 5 potions of haste {unknown}
 C - a potion of brilliance {unknown}
 H - a potion of heal wounds {unknown}
 P - a potion of invisibility {unknown}
 Q - a potion of degeneration {unknown}
Comestibles
 c - a chunk of flesh
 f - 8 meat rations
 I - a slice of pizza


   Skills:
 + Level 10.9 Fighting
 + Level 9.3 Long Blades
 - Level 1.7 Throwing
 + Level 8.9 Armour
 + Level 9.4 Dodging


You had 11 spell levels left.
You didn't know any spells.

Dungeon Overview and Level Annotations

Branches:
Dungeon (10/15)            Temple (1/1) D:7            Lair (1/6) D:9
    Orc (0/2) D:9

Altars:
Ashenzari
Cheibriados
Dithmenos
Elyvilon
Fedhas
Gozag
Hepliaklqana
Kikubaaqudgha
Makhleb
Nemelex Xobeh
Okawaru
Pakellas
Qazlal
Ru
Sif Muna
Trog
Uskayaw
Vehumet
Xom
Yredelemnul
Zin
The Shining One

Shops:
D:5 ((

Annotations:
D:3 Blork the orc
D:10 kent island


Innate Abilities, Weirdness & Mutations

Your body is rotting away.
You thrive on raw meat.
You are immune to poison.
You have sharp fingernails.
You are carnivorous and can eat meat at any time.
Your flesh is cold resistant. (rC+)
You are immune to negative energy. (rN+++)
You regenerate slowly when monsters are visible.
You are immune to unholy pain and torment.
You can survive without breathing.


Message History

The 13-headed hydra bites you!
* * * LOW HITPOINT WARNING * * *
You take 12 damage, and have 19/108 hp.
You now have 3/11 mp.
Eat a chunk of flesh? (ye/n/q)
You start eating the chunk of flesh.
The 13-headed hydra closely misses you. The 13-headed hydra misses you.
The 13-headed hydra barely misses you. The 13-headed hydra bites you!
Keep eating?
* * * LOW HITPOINT WARNING * * *
The 13-headed hydra barely misses you. x2
The 13-headed hydra bites you but does no damage.
The 13-headed hydra closely misses you.
The 13-headed hydra bites you but does no damage. x3
The 13-headed hydra barely misses you. The 13-headed hydra bites you.
* * * LOW HITPOINT WARNING * * *
You continue eating.
The 13-headed hydra bites you!
* * * LOW HITPOINT WARNING * * *
The 13-headed hydra bites you!
You die...

..#...............
..#.......# #PP.#####..#
.....#..#####....#.....P
.....#...P##............
.....P.....††...........
...........$†...........
........................
........#.......D§......
....##..####....@†......
...# #### ##..†§†......
..# ##......)... ##
#####...... ......
#..... #.... ....


You could see a 13-headed hydra.

Vanquished Creatures
  Gastronok (D:9)
  A centaur warrior (D:8)
  The ghost of mistymad the Destroyer, a novice DrCj of Vehumet (D:10)
  Sonja (D:10)
  A hill giant (D:10)
  Pikel (D:4)
  A flayed ghost (D:8)
  Joseph (D:10)
  Psyche (D:10)
  2 black mambas (Lair:1)
  A spiny frog (Lair:1)
  2 trolls
  2 two-headed ogres (D:9)
  5 blink frogs (Lair:1)
  A spriggan (D:7)
  A fire bat (D:8)
  5 yaks (D:10)
  5 wraiths (D:8)
  Edmund (D:4)
  Menkaure (D:4)
  The ghost of HAL9000 the Cudgeler, an amateur OgBe of Trog (D:3)
  An ice beast (D:6)
  2 orc warriors
  A black bear (D:9)
  2 eyes of draining (D:9)
  An ogre (D:5)
  A phantom (D:4)
  2 crocodiles
  4 centaurs
  A big kobold (D:10)
  5 giant frogs
  A scorpion (D:5)
  3 killer bees (D:7)
  6 wights
  3 electric eels (D:9)
  5 crimson imps
  5 giant frog zombies
  2 quasits
  2 centaur zombies (D:8)
  11 hounds
  4 jellies
  A giant frog skeleton (D:4)
  A gnoll shaman (D:10)
  7 orc priests
  7 orc wizards
  A centaur skeleton (D:4)
  Ijyb (D:3)
  Terence (D:3)
  Natasha (twice) (D:4)
  8 iguanas
  4 worker ants
  4 sheep (Lair:1)
  A hound zombie (D:9)
  A hound skeleton (D:8)
  A howler monkey zombie (D:9)
  Robin (D:4)
  5 gnolls (D:10)
  9 adders
  6 river rats (Lair:1)
  2 shadow imps
  2 oozes
  An adder skeleton (D:8)
  6 worms
  3 dart slugs
  3 giant geckos
  26 orcs
  A ball python (D:3)
  3 giant cockroaches
  17 goblins
  6 hobgoblins
  12 jackals
  A quokka (D:4)
  17 bats
  A giant gecko skeleton (D:4)
  9 giant newts
  A jackal skeleton (D:5)
  8 kobolds
  A quokka skeleton (D:7)
  5 rats
284 creatures vanquished.

Vanquished Creatures (others)
  Natasha (D:4)
  2 hobgoblins (D:4)
  A quokka (D:6)
4 creatures vanquished.

Grand Total: 288 creatures vanquished

Notes
Turn   | Place    | Note
-------+----------+-------------------------------------------
     0 | D:1      | mistymad the Ghoul Gladiator began the quest for the Orb.
     0 | D:1      | Reached XP level 1. HP: 17/17 MP: 0/0
   291 | D:1      | Reached XP level 2. HP: 23/23 MP: 1/1
   763 | D:2      | Reached skill level 1 in Armour
   786 | D:2      | HP: 1/23 [worm (9)]
  1061 | D:2      | Reached XP level 3. HP: 25/26 MP: 2/2
  1905 | D:3      | Reached XP level 4. HP: 34/37 MP: 3/3
  1909 | D:3      | Noticed Terence
  1910 | D:3      | Found a shadowy altar of Dithmenos.
  1925 | D:3      | Killed Terence
  1925 | D:3      | Reached skill level 3 in Fighting
  2158 | D:3      | Noticed HAL9000's ghost (amateur OgBe)
  2252 | D:3      | HP: 1/38 [HAL9000's ghost (9)]
  2367 | D:3      | Noticed Blork the orc
  2369 | D:3      | Reached XP level 5. HP: 43/45 MP: 4/4
  2378 | D:3      | Found a deep blue altar of Sif Muna.
  2411 | D:3      | Noticed Ijyb
  2448 | D:3      | Killed Ijyb
  2958 | D:3      | Killed HAL9000's ghost
  2958 | D:3      | Reached XP level 6. HP: 23/52 MP: 5/5
  3146 | D:4      | Found an oddly glowing altar of Pakellas.
  3152 | D:4      | Reached skill level 4 in Fighting
  3326 | D:4      | Noticed a phantom
  3366 | D:4      | Killed a phantom
  3367 | D:4      | Noticed Edmund
  3496 | D:4      | Killed Edmund
  3496 | D:4      | Reached XP level 7. HP: 29/59 MP: 6/6
  3634 | D:4      | Noticed Pikel
  3680 | D:4      | Killed Pikel
  3680 | D:4      | Reached skill level 5 in Fighting
  3680 | D:4      | Reached skill level 5 in Long Blades
  3680 | D:4      | Reached skill level 5 in Dodging
  3680 | D:4      | Reached XP level 8. HP: 39/69 MP: 7/7
  3716 | D:4      | Found a bloodstained altar of Trog.
  3750 | D:4      | Noticed Menkaure
  3757 | D:4      | Killed Menkaure
  3902 | D:4      | Noticed Robin
  3950 | D:4      | Killed Robin
  4102 | D:4      | Noticed Natasha
  4117 | D:4      | Killed Natasha
  4249 | D:4      | Noticed Natasha
  4258 | D:4      | Killed Natasha
  4268 | D:4      | Killed Natasha
  4371 | D:5      | Entered Level 5 of the Dungeon
  4409 | D:5      | Found Lenne's Antique Weapon Emporium.
  4432 | D:5      | Bought a runed falchion for 84 gold pieces
  4466 | D:5      | Reached skill level 6 in Fighting
  4600 | D:5      | Found Efepp's Antique Weapon Shop.
  4613 | D:5      | Bought an ichor-stained long sword for 229 gold pieces
  4613 | D:5      | Identified the +3 long sword of Collusion {elec, *Drain Str+8} (You bought it in a shop on level 5 of the Dungeon)
  4827 | D:6      | Found a shimmering altar of Xom.
  4915 | D:6      | Found a white marble altar of Elyvilon.
  5221 | D:6      | Reached XP level 9. HP: 78/78 MP: 8/8
  5335 | D:7      | Reached skill level 5 in Armour
  5500 | D:7      | Found a sparkling altar of Nemelex Xobeh.
  5670 | D:7      | Found a staircase to the Ecumenical Temple.
  5727 | Temple   | Entered the Ecumenical Temple
  5759 | Temple   | Became a worshipper of Qazlal Stormbringer
  6247 | D:7      | Found a sacrificial altar of Ru.
  6314 | D:7      | Found a shimmering altar of Xom.
  6379 | D:7      | Reached skill level 7 in Fighting
  7086 | D:8      | Found a runed door.
  7103 | D:8      | Found an ancient bone altar of Kikubaaqudgha.
  7114 | D:8      | Found a shattered altar of Ashenzari.
  7123 | D:8      | Found a shadowy altar of Dithmenos.
  7138 | D:8      | Found an opulent altar of Gozag.
  7224 | D:8      | Found a radiant altar of Vehumet.
  7227 | D:8      | Reached * piety under Qazlal
  7244 | D:8      | Reached skill level 8 in Fighting
  7244 | D:8      | Reached XP level 10. HP: 76/87 MP: 9/9
  7252 | D:8      | Found a shadowy altar of Dithmenos.
  7305 | D:8      | Noticed a flayed ghost
  7319 | D:8      | Killed a flayed ghost
  7508 | D:8      | Noticed a centaur warrior
  7522 | D:8      | Killed a centaur warrior
  8267 | D:8      | Reached ** piety under Qazlal
  8425 | D:9      | Reached skill level 9 in Fighting
  8613 | D:9      | Found a burning altar of Makhleb.
  8666 | D:9      | Found a staircase to the Orcish Mines.
  8787 | D:9      | Reached XP level 11. HP: 47/97 MP: 4/10
  8951 | D:9      | Found a staircase to the Lair.
  9266 | D:9      | Noticed Gastronok
  9279 | D:9      | Killed Gastronok
  9617 | D:10     | Entered Level 10 of the Dungeon
  9617 | D:10     | Noticed a hill giant
  9627 | D:10     | Killed a hill giant
  9653 | D:10     | Reached *** piety under Qazlal
  9687 | D:10     | Noticed Joseph
  9701 | D:10     | Killed Joseph
  9701 | D:10     | Reached skill level 10 in Fighting
  9779 | D:10     | Noticed Sonja
  9852 | D:10     | Noticed Psyche
  9860 | D:10     | Killed Psyche
  9898 | D:10     | Killed Sonja
 10030 | D:10     | Noticed mistymad's ghost (novice DrCj)
 10040 | D:10     | Killed mistymad's ghost
 10346 | Lair:1   | Entered Level 1 of the Lair of Beasts
 10435 | Lair:1   | Reached XP level 12. HP: 108/108 MP: 11/11
 10488 | Lair:1   | Noticed a five-headed hydra
 10504 | Lair:1   | HP: 2/108 [13-headed hydra (8)]
 10504 | Lair:1   | Mangled by a 13-headed hydra

Vault maps used:
D:1:      minmay_arrival_three_doors
D:3:      tgw_sif, first_bread, nicolae_dithmenos_through_a_glass_darkly,
          uniq_iyjb, uniq_terence
D:4:      kennysheep_goblin_castle, overflow_temple_1_default, kennysheep_mini,
          uniq_menkaure, uniq_robin, uniq_pikel, uniq_edmund, uniq_natasha
D:5:      serial_shops, nicolae_shop_waterfront, nicolae_shop_stone
D:6:      xom_butterflies, elyvilon_altar_4
D:7:      lemuel_round_altar, basic_altar, the_bakery, lemuel_tele_altar
D:8:      due_megacathedral, grunt_potential
D:9:      old_standard_altar, erik_lair_island, bh_walls_and_bars,
          uniq_gastronok
D:10:     centaur_isle, uniq_sonja, uniq_joseph, uniq_psyche
Temple:   lightli_temple_of_artemis
Lair:1:   special_room

Skill      XL: |  1  2  3  4  5  6  7  8  9 10 11 |
---------------+----------------------------------+-----
Armour         | 1 2 3 4 6 7 8 |  8.9
Dodging        | 3 4 5 6 8 9 |  9.4
Long Blades    | 3 4 5 6 7 9 |  9.3
Fighting       | 3 4 5 6 8 9 10 | 10.9
Throwing       | |  1.7

Action                   |  1- 3 |  4- 6 |  7- 9 | 10-12 || total
-------------------------+-------+-------+-------+-------++-------
Melee: Long sword        |   145 |   286 |   380 |   442 ||  1253
       Falchion          |       |       |    26 |       ||    26
Throw: Throwing net      |       |     5 |       |       ||     5
  Use: Scroll            |       |     6 |     9 |       ||    15
 Stab: Held in net/web   |       |     3 |       |       ||     3
  Eat: Chunk             |    11 |    15 |    19 |    30 ||    75
Armor: Leather armour    |    42 |     9 |       |       ||    51
       Scale mail        |       |    98 |   115 |       ||   213
       Chain mail        |       |     4 |    42 |   216 ||   262
Dodge: Dodged            |    70 |   120 |   192 |   310 ||   692
Block: Other             |       |       |       |    70 ||    70
